 Dungeon Crawl Stone Soup version 0.31-a0-496-g6f97920a28 (webtiles) character file.

Game seed: 4889249317155602803

68 javelincjr the Conjurer (level 4, -1/24 HPs)
             Began as a Tengu Conjurer on Aug 8, 2023.
             Slain by an orc wizard
             ... wielding a +0 dagger
              (2 damage)
             ... on level 3 of the Dungeon.
             The game lasted 00:08:53 (2480 turns).

javelincjr the Conjurer (Tengu Conjurer)            Turns: 2480, Time: 00:08:53

Health: -1/24      AC:  2    Str:  7    XL:     4   Next: 19%
Magic:  0/8        EV: 12    Int: 21    God:
Gold:   83         SH:  0    Dex: 12    Spells: 5/8 levels left

rFire   . . .        e - +0 dagger
rCold   . . .        (no shield)
rNeg    . . .        a - +0 robe
rPois   .            (helmet restricted)
rElec   .            (no cloak)
rCorr   .            (no gloves)
SInv    .            (boots unavailable)
Will    .....        (no amulet)
Stlth   ++           (no ring)
HPRegen 0.24/turn    (no ring)
MPRegen 0.11/turn

%: no passive effects
@: no status effects
A: beak, talons 3
a: no special abilities


You were on level 3 of the Dungeon.
You visited 1 branch of the dungeon, and saw 3 of its levels.

You collected 83 gold pieces.

Inventory:

Hand Weapons
 e - a +0 dagger (weapon)
Armour
 a - a +0 robe (worn)
Wands
 h - a wand of iceblast (10)
Scrolls
 c - 5 scrolls of identify {unknown}
 d - a scroll of fear {unknown}
 j - 3 scrolls of summoning {unknown}
Potions
 b - a potion of magic
 f - a potion of curing
 g - a potion of degeneration {unknown}
 i - a potion of brilliance {unknown}
 k - a potion of ambrosia {unknown}
 l - a potion of mutation {unknown}
 m - 2 potions of enlightenment {unknown}


   Skills:
 + Level 3.0 Dodging
 + Level 2.9 Stealth
 + Level 2.6 Spellcasting
 + Level 5.9 Conjurations


You had 5 spell levels left.
You knew the following spells:

 Your Spells              Type           Power      Damage    Failure   Level
a - Magic Dart            Conj           100%       1d8       1%          1
b - Searing Ray           Conj           54%        2d6       1%          2

Your spell library contained the following spells:

 Spells                   Type           Power      Damage    Failure   Level
 Dazzling Flash           Conj/Hex       30%        N/A       12%         3
 Slow                     Hex            8%         N/A       14%         1
 Sublimation of Blood     Necr           2%         N/A       22%         2
 Confusing Touch          Hex            2%         N/A       38%         3
 Vampiric Draining        Necr           2%         2d6       38%         3
 Fulminant Prism          Conj/Hex       7%         3d7       38%         4
 Iskenderun's Mystic Bla  Conj/Tloc      15%        2d5       38%         4
 Irradiate                Conj/Tmut      7%         3d14      75%         5
 Petrify                  Tmut/Erth      2%         N/A       80%         4


Dungeon Overview and Level Annotations

Branches:
Dungeon (3/15)

Altars:
Fedhas
Yredelemnul


Innate Abilities, Weirdness & Mutations

You have a beak for a mouth.
You have claws for feet.


Message History

The magic dart hits you!
The searing ray hits something.
You finish channelling your searing ray.
Casting: Searing Ray (safe; 1% risk of failure)
Confirm with . or Enter, or press ? or * to list all spells.
You don't have enough magic to cast this spell.
Casting: Searing Ray (safe; 1% risk of failure)
Confirm with . or Enter, or press ? or * to list all spells.
You don't have enough magic to cast this spell.
You hit something but do no damage. Your kick misses something.
The orc misses you. Something hits you but does no damage.
Things that are here:
a +0 club; an orc corpse You hit the orc.
You kill the orc!
You hear some strange, mumbled words.
A magic dart appears from out of thin air!
The magic dart hits you.
Your Dodging skill increases to level 3!
You miss something. Your punch misses something. Something hits you.
Casting: Searing Ray (safe; 1% risk of failure)
Confirm with . or Enter, or press ? or * to list all spells.
You don't have enough magic to cast this spell.
You hit something. You claw something. Your peck misses something.
Something hits you.
* * * LOW HITPOINT WARNING * * *
Casting: Searing Ray (safe; 1% risk of failure)
Confirm with . or Enter, or press ? or * to list all spells.
You can't see any susceptible monsters within range! (Use Z to cast anyway.)
Casting: Searing Ray (safe; 1% risk of failure)
Confirm with . or Enter, or press ? or * to list all spells.
Aiming: Magic Dart (safe; 1% risk of failure)
Press: ? - help, Shift-Dir - straight line The magic dart hits something.
Something hits you.
* * * LOW HITPOINT WARNING * * *
You hit something but do no damage. Your kick misses something.
Something hits you.
* * * LOW HITPOINT WARNING * * *
You hit something but do no damage. Something hits you.
You die...

#.#)#.#########._.#####..#
#.#.#†# ##...##.P.P8.'.##
#.#.#.####.....####.#.#...
#...........#...#...#.#...
###...####......#'###.#.##
#.....# #.##...#P....#.#
#.#..## #.##.###########
#.#..#####{##.###..#..#
#.#..#..)@........)#..####
#.#..#.##########..<..<...
###.#..#.#########...#..###.
#..........#............###.
#.#...)..oo................>
#.....#..#.##.###...#.###.
#...>..###.#.##.# ###.#.# #.
#..###.# ##..##.# #.#.# #.
#.. #.# #.#.##.# #.#.# #.


There were no monsters in sight!

Vanquished Creatures
  An adder (D:2)
  A worm (D:1)
  A dart slug (D:3)
  2 orcs (D:3)
  7 ball pythons
  5 endoplasms
  6 goblins
  5 hobgoblins
  5 kobolds
  6 quokkas
  4 bats
  3 frilled lizards
46 creatures vanquished.

Notes
Turn   | Place    | Note
-------+----------+-------------------------------------------
     0 | D:1      | javelincjr the Tengu Conjurer began the quest for the Orb.
     0 | D:1      | Reached XP level 1. HP: 10/10 MP: 4/4
   261 | D:1      | Reached XP level 2. HP: 15/15 MP: 4/6
   288 | D:1      | Learned a level 2 spell: Searing Ray
   960 | D:1      | You fall into a shaft and drop 1 floor!
   993 | D:2      | Reached XP level 3. HP: 19/19 MP: 5/7
  1071 | D:2      | Found a basalt altar of Yredelemnul.
  2064 | D:3      | Found a blossoming altar of Fedhas.
  2136 | D:3      | Reached XP level 4. HP: 24/24 MP: 8/8
  2290 | D:3      | Found a faded altar of an unknown god.
  2479 | D:3      | HP: 1/24 [something (3)]
  2480 | D:3      | Slain by an orc wizard

Illustrated notes

Levels and vault maps discovered:
D:1:      dpeg_arrival_brainrot, layout_basic, kennysheep_small_spiral
D:2:      layout_basic, basic_altar, skrybe_limestone_x
D:3:      layout_loops_ring, mainiacjoe_overflow_24_doors,
          shapermc_ecumenical_altar_ellora

Skill      XL: |  1  2  3  4 |
---------------+-------------+-----
Dodging        | 3 |  3.0
Stealth        | |  2.9
Spellcasting   | |  2.6
Conjurations   | |  5.9

Action                     |  1- 3 |  4- 6 || total
---------------------------+-------+-------++-------
  Melee: Unarmed           |     1 |       ||     1
         Dagger            |    13 |    22 ||    35
         Kick              |     4 |     7 ||    11
         Peck              |     3 |     3 ||     6
   Cast: Magic Dart        |    56 |     7 ||    63
         Searing Ray       |     4 |     1 ||     5
    Use: Potion            |     1 |       ||     1
 Armour: Robe              |     5 |     3 ||     8
  Dodge: Dodged            |    14 |     6 ||    20

Table legend: (Time is in decaauts)
 A = Elapsed time spent in this place.
 B = Non-inter-level travel time spent in this place.
 C = Inter-level travel time spent in this place.
 D = Time resting spent in this place.
 E = Time spent auto-exploring this place.
 F = Levels seen in this place.
 G = Mean time per level.
                   A        B        C        D        E       F      G
               +--------+--------+--------+--------+--------+-----+--------+
         Total |   2479 |   2385 |     94 |    178 |   1809 |   3 |  826.3 |
       Dungeon |   2479 |   2385 |     94 |    178 |   1809 |   3 |  826.3 |
               +--------+--------+--------+--------+--------+-----+--------+

Top non-repeatable levels by time:
     D:1: 1123 daAuts
     D:2: 794 daAuts
     D:3: 561 daAuts
